 Dungeon Crawl Stone Soup version 0.29.1-12-g30fa7ad0bf (webtiles) character file.

Game seed: 17467885011433149180

1651198 LustLizard the Marksspriggan (level 25, 131/131 HPs)
             Began as a Spriggan Hunter on Jan 3, 2023.
             Was the Champion of Dithmenos.
             Escaped with the Orb
             ... and 3 runes!
             The game lasted 04:00:21 (69307 turns).

LustLizard the Marksspriggan (Spriggan Hunter)     Turns: 69307, Time: 04:00:22

Health: 131/131    AC: 13    Str: 15    XL:     25   Next: 89%
Magic:  39/39      EV: 42    Int: 17    God:    Dithmenos [******]
Gold:   6547       SH: 15    Dex: 31    Spells: 24/46 levels left

rFire   + + .      SeeInvis +   n - +12 hand crossbow of Compulsion {flame, Str+4}
rCold   + . .      Faith    .   E - +3 buckler {reflect}
rNeg    + + +      Spirit   +   Z - +1 troll leather armour "Quvvumeo" {rF+ Regen+}
rPois   +          Reflect  +   T - +1 hat of Ifiaff {Fly rElec Dex+4}
rElec   +          Harm     .   p - +1 cloak of the Baker {Dex+4 Slay+2}
rCorr   .          Rampage  .   (gloves unavailable)
Will    +++++                   (boots unavailable)
Stlth   +++++.....              K - amulet of guardian spirit
HPRegen 1.11/turn               G - ring of Pantheism {rF+ rC+ rN+++}
MPRegen 0.26/turn               t - ring of Reimbursement {Drain AC+4 Int+3 SInv}

@: flying, wreathed by umbra, studying Air Magic, very quick
A: very small, no large weapons, unfitting armour, see invisible, speed 3,
strong-willed 1, mutation resistance 1, poison resistance, inability to read
after injury 1
0: Orb of Zot
}: 3/15 runes: decaying, serpentine, abyssal
a: Renounce Religion, Shadow Step, Shadow Form


You escaped.
You worshipped Dithmenos.
Dithmenos was exalted by your worship.
You visited 12 branches of the dungeon, and saw 54 of its levels.
You visited the Abyss 1 time.
You also visited: Trove, Gauntlet, Ice Cave and Volcano.

You collected 11478 gold pieces.
You spent 4931 gold pieces at shops.

Inventory:

Hand Weapons
 i - the +7 hand crossbow of Iconoclasm {penet, Will++ Int+2}
   (You acquired it on level 5 of the Realm of Zot)

   Any ammunition fired by it passes through the targets it hits, potentially
   hitting all targets in its path until it reaches maximum range.
   Int:       It affects your intelligence (+2).
   Will:      It greatly increases your willpower.
 n - the +12 hand crossbow of Compulsion (weapon) {flame, Str+4}
   (You found it in a treasure trove)

   Any ammunition fired from it burns those it strikes, dealing additional fire
   damage.
   Str:       It affects your strength (+4).
Missiles
 j - 5 throwing nets
Armour
 l - a scarf of resistance
 p - the +1 cloak of the Baker (worn) {Dex+4 Slay+2}
   (You acquired it on level 15 of the Dungeon)

   Dex:       It affects your dexterity (+4).
   Slay:      It affects your accuracy & damage with ranged weapons and melee
   (+2).
 E - a +3 buckler of reflection (worn)
 J - a +2 robe of cold resistance
 T - the +1 hat of Ifiaff (worn) {Fly rElec Dex+4}
   (You found it in a Gauntlet)

   Dex:       It affects your dexterity (+4).
   rElec:     It insulates you from electricity.
   Fly:       It grants you flight.
 Z - the +1 troll leather armour "Quvvumeo" (worn) {rF+ Regen+}
   (You bought it in a shop on level 2 of the Orcish Mines)

   rF:        It protects you from fire.
   Regen:     It increases your rate of health regeneration.
Jewellery
 o - the ring "Ytuorhanni" {rF+ rC+ rN+ MP-9 Dex+6}
   (You took it off a deep elf elementalist on level 3 of the Elven Halls)

   [ring of dexterity]

   Dex:       It affects your dexterity (+6).
   rF:        It protects you from fire.
   rC:        It protects you from cold.
   rN:        It protects you from negative energy.
   MP:        It affects your magic capacity (-9).
 t - the ring of Reimbursement (right hand) {Drain AC+4 Int+3 SInv}
   (You bought it in a shop on level 2 of the Elven Halls)

   [ring of protection]

   AC:        It affects your AC (+4).
   Int:       It affects your intelligence (+3).
   SInv:      It lets you see invisible.
   Drain:     It drains your maximum health when unequipped.
 A - the ring "Nipt" {rC+ Str+3}
   (You found it on level 1 of the Snake Pit)

   [ring of protection from cold]

   Str:       It affects your strength (+3).
   rC:        It protects you from cold.
 G - the ring of Pantheism (left hand) {rF+ rC+ rN+++}
   (You found it on level 3 of the Elven Halls)

   [ring of protection from fire]

   rF:        It protects you from fire.
   rC:        It protects you from cold.
   rN:        It renders you almost immune to negative energy.
 K - an amulet of guardian spirit (around neck)
 P - the ring of Xom's Passing Interest {Will+ Dex+9}
   (You bought it in a shop on level 1 of the Vaults)

   [ring of willpower]

   Dex:       It affects your dexterity (+9).
   Will:      It increases your willpower.
 S - a ring of resist corrosion
 U - the ring "Baukhles" {rElec Will+ AC+4}
   (You found it on level 3 of the Crypt)

   [ring of protection]

   AC:        It affects your AC (+4).
   rElec:     It insulates you from electricity.
   Will:      It increases your willpower.
 Y - the ring of Ypeyrghu {rN+ Will- Dex+5}
   (You found it on level 5 of the Lair of Beasts)

   [ring of positive energy]

   Dex:       It affects your dexterity (+5).
   rN:        It protects you from negative energy.
   Will:      It decreases your willpower.
Wands
 a - a wand of mindburst (43)
 u - a wand of digging (7)
 x - a wand of light (37)
 F - a wand of charming (85)
 H - a wand of flame (75)
 V - a wand of roots (33)
 W - a wand of polymorph (26)
Scrolls
 b - 15 scrolls of immolation
 c - 2 scrolls of blinking
 d - 12 scrolls of fog
 e - 13 scrolls of teleportation
 g - a scroll of amnesia
 r - 3 scrolls of silence
 s - 2 scrolls of torment
 w - 3 scrolls of magic mapping
 y - 9 scrolls of poison
 M - 2 scrolls of summoning
 O - 10 scrolls of fear
Potions
 f - 21 potions of curing
 h - 6 potions of haste
 m - 4 potions of cancellation
 v - 10 potions of magic
 z - 7 potions of resistance
 D - 2 potions of mutation
 I - 5 potions of heal wounds
 N - 6 potions of brilliance
 R - 8 potions of invisibility
Miscellaneous
 q - a lightning rod (4/4)
 C - a condenser vane
 Q - a phantom mirror (inert)


   Skills:
 + Level 13.5 Fighting
 + Level 20.9 Ranged Weapons
 + Level 8.3 Armour
 + Level 18.6 Dodging
 - Level 15.0 Stealth
 - Level 11.2 Shields
 - Level 11.2 Spellcasting
 - Level 17.8 Summonings
 - Level 4.0 Translocations
 - Level 3.5 Transmutations
 - Level 2.2 Fire Magic
 - Level 8.8 Air Magic
 - Level 9.7 Poison Magic
 + Level 20.6 Invocations
 - Level 8.0 Evocations


You had 24 spell levels left.
You knew the following spells:

 Your Spells              Type           Power      Damage    Failure   Level
a - Poisonous Vapours     Pois/Air       82%        N/A       1%          2
b - Olgreb's Toxic Radia  Pois           42%        N/A       2%          4
c - Blink                 Tloc           46%        N/A       4%          2
d - Ignite Poison         Fire/Tmut/Pois 27%        N/A       5%          3
e - Summon Lightning Spi  Summ/Air       53%        N/A       1%          4
f - Monstrous Menagerie   Summ           31%        N/A       8%          7

Your spell library contained the following spells:

 Spells                   Type           Power      Damage    Failure   Level
 Summon Small Mammal      Summ           100%       N/A       0%          1
 Call Imp                 Summ           63%        N/A       0%          2
 Sting                    Tmut/Pois      100%       1d8       1%          1
 Call Canine Familiar     Summ           63%        N/A       1%          3
 Summon Guardian Golem    Hex/Summ       39%        N/A       1%          3
 Apportation              Tloc           46%        N/A       2%          1
 Spider Form              Tmut/Pois      32%        N/A       2%          3
 Beastly Appendage        Tmut           42%        N/A       3%          1
 Static Discharge         Conj/Air       24%        3-6/arc   3%          2
 Mephitic Cloud           Conj/Pois/Air  30%        N/A       3%          3
 Airstrike                Air            19%        2d(3-19)  3%          4
 Animate Armour           Summ/Erth      78%        N/A       3%          4
 Summon Ice Beast         Ice/Summ       39%        N/A       3%          4
 Wereblood                Tmut           21%        N/A       4%          2
 Gell's Gravitas          Tloc           23%        N/A       9%          3
 Lesser Beckoning         Tloc           23%        N/A       9%          3
 Teleport Other           Tloc           23%        N/A       9%          3
 Passwall                 Tmut/Erth      12%        N/A       11%         2
 Summon Mana Viper        Hex/Summ       39%        N/A       11%         5
 Corpse Rot               Necr/Pois/Air  30%        N/A       12%         4
 Freeze                   Ice            36%        1d6       14%         1
 Magic Dart               Conj           36%        1d4       14%         1
 Necrotise                Necr           36%        1d5       14%         1
 Sandblast                Erth           18%        2d7       14%         1
 Portal Projectile        Hex/Tloc       32%        N/A       19%         3
 Ensorcelled Hibernation  Hex/Ice        18%        N/A       22%         2
 Sublimation of Blood     Necr           9%         N/A       22%         2
 Conjure Flame            Conj/Fire      13%        6-21      26%         3
 Alistair's Intoxication  Tmut/Pois      21%        N/A       26%         5
 Passage of Golubria      Tloc           23%        N/A       28%         4
 Confusing Touch          Hex            9%         N/A       41%         3
 Dazzling Flash           Conj/Hex       18%        N/A       41%         3
 Frozen Ramparts          Ice            18%        1d3       41%         3
 Ozocubu's Armour         Ice            9%         N/A       41%         3
 Stone Arrow              Conj/Erth      18%        3d8       41%         3
 Tukima's Dance           Hex            9%         N/A       41%         3
 Lightning Bolt           Conj/Air       12%        1d25      54%         5
 Silence                  Hex/Air        12%        N/A       54%         5
 Ice Form                 Ice/Tmut       15%        N/A       56%         4
 Petrify                  Tmut/Erth      15%        N/A       56%         4
 Manifold Assault         Tloc           23%        N/A       61%         5
 Sticky Flame             Conj/Fire      13%        2d4       65%         4
 Freezing Cloud           Conj/Ice/Air   9%         6-21      75%         5
 Anguish                  Hex/Necr       4%         N/A       82%         4
 Animate Dead             Necr           9%         N/A       82%         4
 Cause Fear               Hex            4%         N/A       82%         4
 Dispel Undead            Necr           9%         3d8       82%         4
 Leda's Liquefaction      Hex/Erth       4%         N/A       82%         4
 Irradiate                Conj/Tmut      7%         3d14      88%         5
 Yara's Violent Unravell  Hex/Tmut       7%         3d5       88%         5
 Fireball                 Conj/Fire      6%         3d5       94%         5
 Haunt                    Necr/Summ      19%        N/A       97%         7
 Spellforged Servitor     Conj/Summ      19%        N/A       97%         7
 Agony                    Necr           9%         N/A       99%         5
 Iskenderun's Battlesphe  Conj           9%         2d6       99%         5
 Metabolic Englaciation   Hex/Ice        4%         N/A       99%         5
 Death Channel            Necr           4%         N/A       100%        6
 Iron Shot                Conj/Erth      4%         9d2       100%        6
 Simulacrum               Ice/Necr       4%         N/A       100%        6
 Starburst                Conj/Fire      6%         6d4       100%        6
 Statue Form              Tmut/Erth      10%        N/A       100%        6
 Dragon Form              Tmut           10%        N/A       100%        7
 Enfeeble                 Hex            4%         N/A       100%        7
 Orb of Destruction       Conj           4%         9d5       100%        7
 Ozocubu's Refrigeration  Ice            4%         4d8       100%        7
 Storm Form               Tmut/Air       15%        N/A       100%        7
 Ignition                 Fire           8%         3d5       100%        8
 Infestation              Necr           4%         N/A       100%        8
 Lehudib's Crystal Spear  Conj/Erth      4%         10d3      100%        8
 Chain Lightning          Conj/Air       12%        3d16      100%        9
 Dragon's Call            Summ           31%        N/A       100%        9
 Polar Vortex             Ice            4%         N/A       100%        9


Dungeon Overview and Level Annotations

Branches:
Dungeon (15/15)            Temple (1/1) D:7            Lair (5/5) D:11
  Swamp (4/4) Lair:2        Snake (4/4) Lair:3        Slime (4/5) Lair:4
    Orc (2/2) D:12            Elf (3/3) Orc:2        Vaults (4/5) D:13
  Crypt (3/3) Vaults:3       Tomb (0/3) Crypt:3      Depths (4/4) D:15
    Zot (5/5) Depths:4      IceCv (visited)         Volcano (visited)
Gauntlet (visited)

Altars:
Ashenzari
Cheibriados
Dithmenos
Elyvilon
Fedhas
Gozag
Hepliaklqana
Kikubaaqudgha
Makhleb
Nemelex Xobeh
Okawaru
Qazlal
Sif Muna
Uskayaw
Vehumet
Wu Jian
Xom
Yredelemnul
Jiyva

Shops:
D:11 (   Orc:1 :   Orc:2 ?([(:   Elf:1 =   Elf:2 =   Elf:3 *:   Snake:1 :=:
Vaults:1 *   Vaults:3 (   Vaults:4 !   Zot:3 *

Portals:
Hell: Depths:1 Depths:2 Depths:3 Depths:4
Abyss: Depths:3
Pandemonium: Depths:2 Depths:3
Ziggurat: Depths:2

Annotations:
Elf:2 1 exclusion, Saint Roka
Vaults:3 Margery
Crypt:1 exclusion: royal mummy


Innate Abilities, Weirdness & Mutations

You are very small and have problems with some larger weapons.
You are too small for most types of armour.
You have supernaturally acute eyesight. (SInv)
You cover ground extremely quickly. (Speed+++)
You are strong-willed. (Will+)
You are somewhat resistant to further mutation.
Your system is resistant to poisons. (rPois)
You occasionally lose the ability to read scrolls when taking damage.


Message History

Unknown command.
There is a stone staircase leading up, spattered with blood here.
You fly upwards.
There is a stone staircase leading down here.
There is a stone staircase leading up here.
You fly upwards.
There is a stone staircase leading down here.
Things that are here:
8 poisoned darts; a +0 short sword
There is a stone staircase leading up here.
You fly upwards.
There is a stone staircase leading down here.
There is a stone staircase leading up here.
You fly upwards.
There is a stone staircase leading down here.
There is an open door here.
There is a stone staircase leading up here.
You fly upwards.
There is a stone staircase leading down here.
There is an open door here.
There is an open door here.
A sun demon comes into view.
There is an open door here.
Unknown command.
Aiming: Dig
Press: ? - help, Shift-Dir - straight line You can't see that place. [a rock wall.]
Okay, then.
Unknown command.
Fire: n) +12 hand crossbow of Compulsion {flame, Str+4}
Press: ? - help, Shift-Dir - straight line, f - sun demon
Aim: a sun demon (umbra, 79% to hit)
Aiming: Dig
Press: ? - help, Shift-Dir - straight line You can't see that place. [a rock wall.]
The rock shatters into small pieces.
There is a staircase leading out of the dungeon here.
You have escaped!

...............#.........#.### ##
...............#.........#.#
...........#...#.........###
........##############...########
........#......#.....#...#......#
...#....#.#....#...#.#...#......#
...####.#......'.....#...#......#
..#####.#...######...#3..#......#
........#...#..'@.3..#...#.######
...####.#...#..####'...'##...###
........###'#'###....#...#.#...##
....###.#...#...#....#...#.###...
..#.# #.#...#...#....#...#..#####
.##.# #.#...#...'....#...##.#....
###.###.#...##########...#....###
#......#.......'........#...####
##.###.#.#.....#........##.....#


You could see a sun demon.

Vanquished Creatures
  2 dread liches (Zot:5)
  3 orbs of fire
  5 ancient liches
  Mara (Swamp:4)
  6 Killer Klowns
  the Lernaean hydra (Swamp:4)
  Xtahua (Vaults:2)
  2 curse toes
  8 golden dragons
  Nikola (Depths:2)
  2 bone dragons
  5 electric golems
  2 hellephants (Zot:3)
  A Hell Sentinel (Zot:5)
  25 Orb Guardians (Zot:5)
  Rupert (D:13)
  8 tentacled monstrosities
  Zenata (Crypt:1)
  A titan (Depths:3)
  A walking divine tome (Depths:2)
  The ghost of Decrayps the Ninja, a veteran FeEn of Elyvilon (Zot:3)
  4 quicksilver dragons
  7 liches
  3 deep elf blademasters
  2 ancient champions (Crypt:2)
  3 acid blobs (Slime:1)
  8 death cobs
  2 deep elf master archers (Elf:3)
  2 tentacled starspawn
  3 sphinxes
  9 shadow dragons
  Roxanne (D:14)
  Donald (Elf:3)
  A tengu reaver (D:14)
  2 revenants (Crypt:1)
  Kirke (Swamp:1)
  13 storm dragons
  An azure jelly (Slime:1)
  5 nagarajas
  7 draconian monks
  11 vault wardens
  7 draconian knights
  4 fire giants
  2 curse skulls
  5 deep elf sorcerers (Elf:3)
  4 draconian scorchers
  3 frost giants
  5 draconian shifters
  A cacodemon (Depths:2)
  A spectral caustic shrike (Crypt:1)
  2 draconian stormcallers
  12 ironbound preservers
  A spriggan defender (Depths:3)
  3 deep elf elementalists (Elf:3)
  5 ghouls (Crypt:2)
  4 ghost moths
  6 draconian annihilators
  5 ironbound thunderhulks
  12 stone giants
  6 war gargoyles
  6 vampire knights
  24 very ugly things
  5 eleionomae
  A caustic shrike skeleton (Crypt:1)
  11 green draconians
  5 deep elf annihilators
  11 red draconians
  9 yellow draconians
  A lorocyproca (Abyss:3)
  3 deep elf demonologists (Elf:3)
  An entropy weaver (Vaults:2)
  16 black draconians
  13 spark wasps
  9 white draconians
  8 purple draconians
  A bunyip (Swamp:3)
  A minotaur (Gauntlet)
  The ghost of Vext the Imperceptible, a journeyman SpEn of Gozag (D:13)
  2 spectral titans (Crypt:1)
  14 dire elephants
  3 eidola
  The ghost of Gerakis the Cruncher, a journeyman DrBe of Trog (Snake:1)
  4 deep elf death magi
  3 merfolk impalers
  2 mummy priests (Crypt:1)
  2 crystal guardians (Vaults:2)
  A quicksilver dragon zombie (Crypt:1)
  A fire dragon (Depths:2)
  8 yaktaur captains
  5 ettins
  A spectral quicksilver dragon (Crypt:1)
  Fannar (D:11)
  A jiangshi (Crypt:2)
  4 deep elf high priests
  7 great orbs of eyes
  6 ice dragons
  2 salamander tyrants
  A hell beast (Depths:3)
  A spriggan air mage (Depths:2)
  2 rakshasas
  Harold (D:9)
  26 hydras
  6 boulder beetles
  4 peacekeepers
  4 vault guards
  12 ironbound frosthearts
  12 anacondas
  3 caustic shrike simulacra (IceCv)
  A ghost crab (Swamp:4)
  21 centaur warriors
  13 death yaks
  16 naga warriors
  6 deep troll earth magi
  7 deep troll shamans
  23 dancing weapons
  2 spriggan skeletons (Crypt:3)
  A death scarab (Depths:1)
  5 tengu warriors
  8 shock serpents
  4 two-headed ogres
  6 vampire magi
  4 alligators
  12 hell knights
  A thrashing horror (Abyss:3)
  A titan zombie (Vaults:4)
  11 naga sharpshooters
  8 orc high priests (Orc:2)
  A spectral dire elephant (Crypt:1)
  5 spriggan berserkers
  Amaemon (D:11)
  Sonja (D:11)
  19 deep elf knights
  A storm dragon zombie (Crypt:1)
  A spectral death yak (Lair:5)
  9 spriggans
  11 skeletal warriors
  A sun demon (Depths:3)
  3 shadow wraiths
  A titan skeleton (Crypt:2)
  A wretched star (Abyss:2)
  10 salamander mystics
  A ghost moth zombie (Crypt:2)
  4 goliath frogs
  8 iron trolls
  2 sea snakes (Snake:1)
  50 deep trolls
  A spectral anaconda (Lair:5)
  6 large abominations
  A spark wasp zombie (Crypt:1)
  3 glowing orange brains
  8 bog bodies
  A spectral hydra (Crypt:1)
  2 bunyip zombies (Crypt:1)
  4 spriggan druids
  10 flayed ghosts
  A storm dragon skeleton (Crypt:3)
  10 swamp dragons
  16 ironbound convokers
  A bunyip skeleton (Crypt:3)
  3 starcursed masses (Abyss:3)
  3 orange crystal statues
  A tengu zombie (Crypt:1)
  3 obsidian statues
  7 naga ritualists
  A wolf spider zombie (Crypt:2)
  12 lindwurms
  A swamp dragon (shapeshifter) (Depths:2)
  33 deep elf pyromancers
  An anaconda skeleton (Crypt:3)
  9 wizards
  26 deep elf zephyrmancers
  An iron giant skeleton (Crypt:3)
  14 necromancers
  3 stone giant zombies
  4 deep elf archers (Elf:2)
  18 phantasmal warriors
  5 harpies (Vaults:1)
  An orc sorcerer (Elf:2)
  A wolf spider (D:14)
  An iron dragon zombie (Crypt:1)
  3 orc knights
  5 mana vipers
  17 salamanders
  2 human zombies (Vaults:4)
  A shining eye (Slime:4)
  8 cyclopes
  40 ugly things
  A spectral centaur (Crypt:1)
  4 will-o-the-wisps
  2 fire giant zombies
  A spectral ettin (Crypt:1)
  A spectral fire dragon (Crypt:1)
  An oklob plant (Snake:2)
  25 moths of wrath
  5 elephants
  9 smoke demons
  4 manticores
  17 vault sentinels
  24 black mambas
  2 guardian serpents
  A torpor snail (Lair:5)
  A rust devil (Depths:3)
  An apocalypse crab (Abyss:3)
  27 naga magi
  2 eyes of devastation
  An alligator snapping turtle zombie (Crypt:1)
  A centaur skeleton (Crypt:3)
  2 spriggan zombies
  10 cane toads
  A naga skeleton (Crypt:1)
  An orange demon (D:11)
  5 gargoyles
  3 efreet
  2 rime drakes
  An unseen horror (D:12)
  A black draconian zombie (Crypt:1)
  32 yaktaurs
  A catoblepas zombie (Crypt:1)
  An alligator snapping turtle skeleton (Crypt:3)
  2 dire elephant skeletons (Lair:5)
  A spectral two-headed ogre (Crypt:1)
  3 freezing wraiths
  A green draconian skeleton (Crypt:2)
  10 guardian mummies
  An ice devil (Depths:2)
  2 anaconda simulacra
  6 komodo dragons
  3 golden dragon simulacra (IceCv)
  2 spectral harpies (Crypt:1)
  8 tengu conjurers
  A yellow draconian skeleton (Crypt:2)
  A queen bee (shapeshifter) (D:14)
  5 bloated husks
  2 hellwings
  5 red devils
  A troll (shapeshifter) (Elf:3)
  A meliai (D:14)
  Grinder (D:6)
  10 trolls
  2 harpy skeletons (Crypt:1)
  A raiju (Abyss:3)
  13 tyrant leeches
  A tarantella (shapeshifter) (D:15)
  A moth of wrath zombie (Crypt:1)
  8 hornets
  A spectral naga (Snake:1)
  7 blink frogs (Lair:3)
  A spectral guardian serpent (Snake:1)
  A spectral elephant (Lair:5)
  62 slime creatures
  An ettin zombie (Abyss:3)
  2 spectral black mambas (Crypt:1)
  2 centaur simulacra
  9 wraiths
  A ynoxinul (Depths:2)
  6 shadows
  22 water elementals
  3 air elementals
  An ettin skeleton (Crypt:1)
  3 wyverns
  54 yaks
  A wyvern (shapeshifter) (Gauntlet)
  A dire elephant simulacrum (IceCv)
  Grum (D:11)
  7 fire elementals
  25 humans
  A fire bat (Abyss:3)
  4 basilisks
  5 hogs (Swamp:1)
  Eustachio (D:5)
  19 vampire mosquitoes
  4 steam dragons
  2 death yak simulacra (Lair:5)
  A redback (D:14)
  2 neqoxecs
  Menkaure (D:7)
  3 harpy simulacra
  2 minotaur simulacra (Snake:2)
  2 spectral cane toads (Lair:5)
  7 wargs
  A human simulacrum (Vaults:4)
  A glowing shapeshifter zombie (Vaults:4)
  51 nagas
  15 swamp worms
  2 hydra simulacra
  15 water moccasins
  2 floating eyes (Depths:2)
  A two-headed ogre skeleton (Crypt:3)
  2 guardian serpent simulacra (Snake:1)
  An ogre skeleton (Vaults:4)
  5 swamp drakes
  3 black bears
  2 ettin simulacra (IceCv)
  34 orc warriors
  An ice beast (D:8)
  2 sky beasts (D:8)
  2 alligator simulacra (IceCv)
  A floating eye zombie (Depths:1)
  A dream sheep zombie (Crypt:2)
  2 ogres
  8 small abominations
  6 boggarts
  An elephant zombie (Lair:5)
  An elephant skeleton (Lair:5)
  2 black mamba simulacra (Snake:1)
  18 centaurs
  7 wolves
  A phantom (D:5)
  2 kobold brigands (D:8)
  7 bullfrogs
  Blork the orc (D:4)
  6 necrophages
  2 earth elementals
  A scorpion (D:5)
  A cane toad simulacrum (Lair:5)
  3 deep troll simulacra (Snake:2)
  5 wights (D:10)
  A warg skeleton (Crypt:1)
  5 lindwurm simulacra
  3 howler monkeys
  An electric eel (Lair:3)
  2 wolf skeletons (Crypt:2)
  4 hounds
  A jelly (D:6)
  A salamander simulacrum (Snake:1)
  A gnoll bouda (D:4)
  35 orc priests
  A black bear skeleton (Crypt:2)
  4 iguanas
  32 orc wizards
  2 naga simulacra (Snake:1)
  A tengu skeleton (Crypt:2)
  7 mummies
  Robin (D:2)
  4 gnolls (D:4)
  5 adders
  A shadow imp (D:8)
  A white imp (Abyss:2)
  An ufetubus (D:6)
  3 worms
  102 orcs
  8 ball pythons
  3 endoplasms
  2 giant cockroaches
  16 goblins
  14 hobgoblins
  3 jackals (D:1)
  19 kobolds
  3 quokkas
  10 bats
  6 frilled lizards
  A goblin zombie (Crypt:2)
  2 rats (D:2)
  4 starspawn tentacles
2159 creatures vanquished.

Vanquished Creatures (collateral kills)
  Khufu (Crypt:2)
  2 orbs of fire (Zot:5)
  Bai Suzhen (Swamp:4)
  2 liches
  A walking earthen tome (Depths:3)
  A quicksilver dragon (Zot:1)
  A very ugly thing (Depths:4)
  A purple draconian (Depths:4)
  A deep elf annihilator (Elf:3)
  A spectral spriggan (Crypt:1)
  A jiangshi (Crypt:2)
  A hydra (Swamp:4)
  A necromancer (Depths:1)
  A sphinx zombie (Crypt:1)
  2 guardian mummies
  A hydra skeleton (Crypt:1)
  A mummy (Crypt:2)
20 creatures vanquished.

Vanquished Creatures (others)
  A storm dragon (Zot:4)
  2 draconian knights (Zot:4)
  A hornet (Swamp:4)
  A water elemental (Elf:1)
  A vampire mosquito (D:12)
  2 foxfires (Swamp:2)
  15 fungi
  A lurking horror (Abyss:3)
  82 plants
  3 starspawn tentacles
  21 withered plants
130 creatures vanquished.

Grand Total: 2309 creatures vanquished

Notes
Turn   | Place    | Note
-------+----------+-------------------------------------------
     0 | D:1      | LustLizard the Spriggan Hunter began the quest for the Orb.
     0 | D:1      | Reached XP level 1. HP: 10/10 MP: 2/2
   112 | D:1      | Reached XP level 2. HP: 11/14 MP: 3/3
   955 | D:2      | Reached XP level 3. HP: 17/18 MP: 4/4
  1042 | D:2      | Found a burning altar of Makhleb.
  1241 | D:2      | Reached skill level 5 in Ranged Weapons
  1383 | D:2      | Identified the +5 chain mail of Zutid {rF- Dex+4 Slay+2}
  1403 | D:2      | Noticed Robin
  1436 | D:2      | Reached XP level 4. HP: 17/22 MP: 5/5
  1448 | D:2      | Killed Robin
  2804 | D:4      | Reached XP level 5. HP: 25/25 MP: 6/6
  3330 | D:4      | Reached skill level 5 in Stealth
  3711 | D:4      | Reached XP level 6. HP: 30/30 MP: 7/7
  3736 | D:4      | You fall into a shaft and drop 2 floors!
  3744 | D:5      | Entered Level 5 of the Dungeon
  3777 | D:5      | Noticed a water moccasin
  3792 | D:4      | Noticed Blork the orc
  3845 | D:4      | Killed Blork the orc
  4529 | D:5      | Noticed Eustachio
  4568 | D:5      | Reached XP level 7. HP: 33/33 MP: 8/8
  6160 | D:6      | Noticed a steam dragon
  6162 | D:6      | Reached XP level 8. HP: 37/37 MP: 9/9
  6474 | D:6      | Reached skill level 10 in Ranged Weapons
  7154 | D:6      | Noticed Grinder
  7183 | D:6      | Killed Grinder
  7363 | D:7      | Reached XP level 9. HP: 34/41 MP: 10/10
  7585 | D:7      | Noticed Menkaure
  7593 | D:7      | Killed Menkaure
  7865 | D:7      | Found a staircase to the Ecumenical Temple.
  7876 | Temple   | Entered the Ecumenical Temple
  7927 | Temple   | Became a worshipper of Dithmenos the Shadowed
  8287 | D:5      | Killed Eustachio
  8870 | D:8      | Found a stormy altar of Qazlal.
  9626 | D:8      | Found a blossoming altar of Fedhas.
  9662 | D:8      | Reached * piety under Dithmenos
  9725 | D:8      | Learned a level 2 spell: Poisonous Vapours
  9920 | D:8      | Reached skill level 1 in Poison Magic
  9920 | D:8      | Reached XP level 10. HP: 23/46 MP: 11/11
 10532 | D:8      | Found a hide-covered altar of Uskayaw.
 10532 | D:8      | Found a shimmering blue altar of Sif Muna.
 10550 | D:8      | Found a shimmering altar of Xom.
 11081 | D:9      | Noticed Harold
 11695 | D:9      | Learned a level 4 spell: Olgreb's Toxic Radiance
 11864 | D:9      | Noticed a two-headed ogre
 11996 | D:9      | Noticed a two-headed ogre
 12292 | D:10     | Entered Level 10 of the Dungeon
 12344 | D:9      | Reached skill level 5 in Poison Magic
 12580 | D:9      | Killed a two-headed ogre
 12581 | D:9      | Reached skill level 15 in Ranged Weapons
 12618 | D:9      | Killed a two-headed ogre
 12730 | D:10     | Reached ** piety under Dithmenos
 12775 | D:10     | Noticed a gargoyle
 12889 | D:10     | Reached XP level 11. HP: 33/49 MP: 12/12
 13012 | D:10     | Found a sparkling altar of Nemelex Xobeh.
 13635 | D:9      | Killed Harold
 14251 | D:11     | Noticed Sonja
 14253 | D:11     | Noticed Fannar
 14253 | D:11     | Noticed a death yak
 14254 | D:11     | Noticed Grum
 14307 | D:11     | Noticed a two-headed ogre
 14332 | D:11     | Killed a two-headed ogre
 14352 | D:11     | Found Otemigh's Antique Weapon Boutique.
 14552 | D:10     | Killed a death yak
 14600 | D:11     | Noticed a death yak
 14682 | D:11     | Killed Grum
 14684 | D:11     | Noticed a death yak
 14784 | D:10     | Killed a death yak
 14949 | D:10     | Killed a death yak
 15041 | D:11     | Reached *** piety under Dithmenos
 15077 | D:11     | Found a staircase to the Lair.
 15168 | D:11     | Noticed Amaemon
 15270 | D:11     | Killed Sonja
 15271 | D:11     | Reached skill level 1 in Invocations
 15271 | D:11     | Reached XP level 12. HP: 53/53 MP: 5/13
 15501 | D:11     | Killed Fannar
 15609 | D:11     | Killed Amaemon
 15965 | D:12     | Found a gate leading to a gauntlet.
 16104 | D:12     | Reached **** piety under Dithmenos
 16105 | D:12     | Reached skill level 5 in Dodging
 16145 | Gauntlet | Entered a Gauntlet
 16145 | Gauntlet | Found a transporter.
 16152 | Gauntlet | Found a large runed translucent door.
 16153 | Gauntlet | Found a large runed translucent door.
 16154 | Gauntlet | Found a large runed translucent door.
 16154 | Gauntlet | Found a large runed translucent door.
 16154 | Gauntlet | Found a runed translucent door.
 16155 | Gauntlet | Found a large runed translucent door.
 16156 | Gauntlet | Found a large runed translucent door.
 16157 | Gauntlet | Found a large runed translucent door.
 16157 | Gauntlet | Found a large runed translucent door.
 16157 | Gauntlet | Found a runed translucent door.
 16158 | Gauntlet | Found a large runed translucent door.
 16158 | Gauntlet | Found a large runed translucent door.
 16158 | Gauntlet | Found a large runed translucent door.
 16158 | Gauntlet | Found a large runed translucent door.
 16159 | Gauntlet | Found a large runed translucent door.
 16159 | Gauntlet | Found a large runed translucent door.
 16160 | Gauntlet | Found a large runed translucent door.
 16160 | Gauntlet | Found a transporter.
 16160 | Gauntlet | Found a large runed translucent door.
 16162 | Gauntlet | Found a transporter.
 16164 | Gauntlet | Found a transporter.
 16175 | Gauntlet | Found a runed translucent gate.
 16175 | Gauntlet | Found a runed translucent gate.
 16175 | Gauntlet | Found a runed translucent gate.
 16177 | Gauntlet | Found a transporter.
 16192 | Gauntlet | Found a transporter.
 16194 | Gauntlet | Noticed a death yak
 16195 | Gauntlet | Noticed a death yak
 16195 | Gauntlet | Noticed a death yak
 16197 | Gauntlet | Noticed a death yak
 16198 | Gauntlet | Found a transporter.
 16200 | Gauntlet | Noticed a death yak
 16213 | Gauntlet | Found a transporter.
 16219 | Gauntlet | Noticed an entropy weaver
 16229 | Gauntlet | Found a transporter.
 16261 | Gauntlet | Noticed a death scarab
 16262 | Gauntlet | Found a transporter.
 16265 | Gauntlet | Noticed a death scarab
 16288 | Gauntlet | Found a transporter.
 16313 | Gauntlet | Found a transporter.
 16319 | Gauntlet | Found a transporter.
 16321 | Gauntlet | Found a transporter.
 16349 | Gauntlet | Found a transporter.
 16369 | Gauntlet | Found a transporter.
 16387 | Gauntlet | Found a transporter.
 16494 | Gauntlet | Noticed an anaconda
 16605 | Gauntlet | Reached skill level 5 in Invocations
 16720 | Gauntlet | Identified the +1 hat of Ifiaff {Fly rElec Dex+4}
 16751 | Gauntlet | Noticed a minotaur
 16918 | Gauntlet | Killed a minotaur
 17205 | D:12     | Found a staircase to the Orcish Mines.
 17321 | D:12     | Learned a level 2 spell: Blink
 17328 | D:12     | Reached skill level 1 in Translocations
 17362 | D:12     | Noticed a four-headed hydra
 17411 | D:12     | Killed a four-headed hydra
 17881 | D:13     | Noticed Rupert
 17881 | D:13     | Noticed a centaur warrior
 17881 | D:13     | Noticed a centaur warrior
 17881 | D:13     | Found a gate to the Vaults.
 18019 | D:13     | Noticed a four-headed hydra
 18025 | D:12     | Killed a centaur warrior
 18109 | Lair:1   | Entered Level 1 of the Lair of Beasts
 18316 | Lair:1   | Reached XP level 13. HP: 50/57 MP: 19/19
 18513 | Lair:1   | Found a dark tunnel.
 18527 | Volcano  | Entered a volcano
 19358 | Lair:2   | Identified 2 scrolls of acquirement
 19358 | Lair:2   | Acquired 927 gold pieces
 19360 | Lair:2   | Acquired 793 gold pieces
 20696 | Lair:3   | Reached ***** piety under Dithmenos
 20783 | Lair:3   | Reached skill level 10 in Invocations
 20811 | Lair:3   | Found a staircase to the Snake Pit.
 21591 | Lair:4   | Found a viscous altar of Jiyva.
 21592 | Lair:4   | Found a staircase to the Slime Pits.
 22162 | Lair:5   | Entered Level 5 of the Lair of Beasts
 23111 | Lair:5   | Reached XP level 14. HP: 67/67 MP: 23/23
 23126 | Lair:5   | Found the +8 Wrath of Trog {antimagic, *Rage Rampage}
 23450 | Lair:5   | Reached skill level 5 in Fighting
 24560 | Lair:5   | Identified the ring of Ypeyrghu {rN+ Will- Dex+5}
 24725 | Orc:1    | Entered Level 1 of the Orcish Mines
 24725 | Orc:1    | Found Gehastredd's Book Shop.
 24860 | Orc:2    | Entered Level 2 of the Orcish Mines
 25257 | Orc:2    | Reached ****** piety under Dithmenos
 25357 | Orc:2    | Found Ezerugi's Antique Armour Boutique.
 25366 | Orc:2    | Bought a distressingly furry troll leather armour for 600
                  | gold pieces
 25366 | Orc:2    | Identified the +1 troll leather armour "Quvvumeo" {rF+
                  | Regen+} (You bought it in a shop on level 2 of the Orcish
                  | Mines)
 25673 | Orc:2    | Found Uwno's Antique Weapon Boutique.
 25673 | Orc:2    | Found Edauhas's Magic Scroll Shoppe.
 25694 | Orc:2    | Bought a scroll of summoning for 133 gold pieces
 25694 | Orc:2    | Bought a scroll of enchant armour for 105 gold pieces
 25694 | Orc:2    | Bought a scroll of poison for 56 gold pieces
 25694 | Orc:2    | Bought a scroll of fear for 56 gold pieces
 25740 | Orc:2    | Found a staircase to the Elven Halls.
 25865 | Orc:2    | Found Gicsopt's Book Boutique.
 25865 | Orc:2    | Found Manod's Antique Weapon Shoppe.
 25881 | Orc:2    | Bought an arbalest for 135 gold pieces
 26661 | D:12     | Reached skill level 10 in Dodging
 27336 | D:13     | Found a runed translucent door.
 27337 | D:13     | Noticed Vext's ghost (journeyman SpEn)
 27687 | D:13     | Killed Rupert
 27688 | D:13     | Reached XP level 15. HP: 74/74 MP: 10/26
 27985 | D:13     | Reached skill level 10 in Stealth
 28100 | D:13     | Killed Vext's ghost
 29124 | D:14     | Identified the +12 spear of Tigeiq {freeze, rF++}
 29306 | D:14     | Identified the +9 rapier "Toubboep" {flame, Dex+4}
 29306 | D:14     | Noticed a tengu reaver
 29357 | D:14     | Killed a tengu reaver
 29588 | D:14     | Identified the +1 pair of gloves "Waov" {MP+9 Dex+4 SInv}
 29590 | D:14     | Got the Codex of Transmuted Congelation
 29609 | D:14     | Got the Grimoire of Spellbinding Ice
 29874 | D:14     | Identified Roxanne's Treatise on the Quarry
 29874 | D:14     | Noticed Roxanne
 29882 | D:14     | Killed Roxanne
 29915 | D:14     | Reached skill level 1 in Shields
 30138 | D:15     | Entered Level 15 of the Dungeon
 30307 | D:15     | Found a staircase to the Depths.
 30418 | D:15     | Acquired the +1 cloak of the Baker {Dex+4 Slay+2}
 30507 | D:15     | Reached skill level 15 in Invocations
 30653 | D:15     | Identified the +7 rapier of Nightmares {vorpal, rN+}
 30768 | D:15     | Reached XP level 16. HP: 80/80 MP: 28/28
 31219 | Lair:2   | Found a staircase to the Swamp.
 31325 | Swamp:1  | Entered Level 1 of the Swamp
 31537 | Swamp:1  | Noticed Kirke
 31548 | Swamp:1  | Killed Kirke
 33105 | Swamp:4  | Entered Level 4 of the Swamp
 33182 | Swamp:4  | Reached skill level 5 in Shields
 33355 | Swamp:4  | Noticed Bai Suzhen
 33418 | Swamp:4  | Killed Bai Suzhen
 33619 | Swamp:4  | Noticed the 27-headed Lernaean hydra
 33994 | Swamp:4  | Noticed Mara
 33996 | Swamp:4  | Noticed LustLizard's illusion
 34049 | Swamp:4  | Noticed LustLizard's illusion
 34049 | Swamp:4  | Killed Mara
 34107 | Swamp:4  | Reached XP level 17. HP: 86/86 MP: 30/30
 34148 | Swamp:4  | Killed the 27-headed Lernaean hydra
 34191 | Swamp:4  | Identified the +0 robe "Luazo" {rC+ Regen+ SInv}
 34254 | Swamp:4  | Got a decaying rune of Zot
 34442 | Snake:1  | Entered Level 1 of the Snake Pit
 34480 | Snake:1  | Found a runed translucent gate.
 34480 | Snake:1  | Found a runed translucent gate.
 34480 | Snake:1  | Found a runed translucent gate.
 34481 | Snake:1  | Noticed Gerakis's ghost (journeyman DrBe)
 34734 | Snake:1  | Identified the ring "Nipt" {rC+ Str+3}
 34975 | Snake:1  | Found Tussem's Jewellery Emporium.
 34976 | Snake:1  | Found Eckuler's Book Boutique.
 34976 | Snake:1  | Found Epnal's Book Boutique.
 34982 | Snake:1  | Bought an Everburning Encyclopedia for 286 gold pieces
 34986 | Snake:1  | Learned a level 3 spell: Ignite Poison
 34988 | Snake:1  | Bought an amulet of guardian spirit for 450 gold pieces
 35137 | Snake:1  | Reached skill level 1 in Transmutations
 35371 | Snake:1  | Killed Gerakis's ghost
 35405 | Snake:1  | Identified the -1 hat "Ceorufeh" {rN+}
 35443 | Snake:1  | Reached skill level 1 in Fire Magic
 35852 | Snake:2  | Found a frozen archway.
 35873 | IceCv    | Entered an ice cave
 36195 | Snake:2  | Found a snail-covered altar of Cheibriados.
 36663 | Snake:3  | Learned a level 4 spell: Summon Lightning Spire
 36801 | Snake:3  | Reached skill level 1 in Air Magic
 36804 | Snake:3  | Reached skill level 1 in Spellcasting
 36811 | Snake:3  | Reached skill level 1 in Summonings
 37053 | Snake:4  | Entered Level 4 of the Snake Pit
 37161 | Snake:4  | Found a shimmering altar of Xom.
 37261 | Snake:4  | Reached XP level 18. HP: 81/93 MP: 26/31
 38281 | Snake:4  | Reached skill level 5 in Air Magic
 38298 | Snake:4  | Got a serpentine rune of Zot
 38708 | Vaults:1 | Entered Level 1 of the Vaults
 39149 | Vaults:1 | Reached skill level 5 in Summonings
 39154 | Vaults:1 | Reached skill level 5 in Spellcasting
 39484 | Vaults:1 | Found Seh Racu's General Store.
 39492 | Vaults:1 | Bought the ring of Xom's Passing Interest {Will+ Dex+9} for
                  | 1068 gold pieces
 39610 | Vaults:1 | Identified the +1 helmet of Morality {+Inv rPois Stlth+}
 40293 | Vaults:2 | Reached XP level 19. HP: 85/97 MP: 21/32
 40382 | Vaults:2 | Reached skill level 10 in Shields
 40386 | Vaults:2 | Identified the +8 arbalest "Cojoypp" {elec, rF+ rN+ Dex+4}
 40844 | Vaults:2 | Noticed Xtahua
 40869 | Vaults:2 | Killed Xtahua
 42336 | Vaults:3 | Noticed Margery
 42664 | Vaults:3 | Noticed an ancient lich
 42702 | Vaults:3 | Killed an ancient lich
 42728 | Vaults:3 | Reached skill level 10 in Fighting
 42838 | Vaults:3 | Identified the +1 helmet "Mumisif" {Str+6}
 43022 | Vaults:3 | Reached XP level 20. HP: 102/102 MP: 33/33
 43289 | Vaults:3 | Found a staircase to the Crypt.
 43372 | Vaults:3 | Found Adwazin's Weapon Shop.
 43995 | Vaults:4 | Found the +3 pair of gauntlets of War {Slay+5}
 44595 | Vaults:4 | Found Poucac's Distillery.
 44603 | Vaults:4 | Bought a potion of heal wounds for 110 gold pieces
 44603 | Vaults:4 | Bought a potion of heal wounds for 110 gold pieces
 44603 | Vaults:4 | Bought a potion of haste for 220 gold pieces
 44603 | Vaults:4 | Bought a potion of heal wounds for 110 gold pieces
 44603 | Vaults:4 | Bought a potion of mutation for 176 gold pieces
 44603 | Vaults:4 | Bought a potion of cancellation for 176 gold pieces
 44923 | Vaults:4 | Got the Incunable of Blazing Despicable Rites
 44937 | Vaults:4 | Identified the +7 hand axe of the Extremes {flame, rN+
                  | Dex+4}
 45232 | Elf:1    | Entered Level 1 of the Elven Halls
 45637 | Elf:1    | Found Koboocva's Jewellery Shop.
 45796 | Elf:1    | Got Mefenufe's Monograph on Frostbite
 46032 | Elf:1    | Gained mutation: Your mind is acute. (Int +4, Str/Dex -1)
                  | [potion of mutation]
 46032 | Elf:1    | Gained mutation: You are clumsy. (Dex -2) [potion of
                  | mutation]
 46036 | Elf:1    | Lost mutation: You are clumsy. (Dex -2) [potion of
                  | mutation]
 46036 | Elf:1    | Lost mutation: Your mind is acute. (Int +4, Str/Dex -1)
                  | [potion of mutation]
 46036 | Elf:1    | Gained mutation: You possess an exceptional clarity of
                  | mind. [potion of mutation]
 46036 | Elf:1    | Gained mutation: Your system is resistant to poisons.
                  | (rPois) [potion of mutation]
 46036 | Elf:1    | Gained mutation: You have a somewhat thin skeletal
                  | structure. (Dex +2, Stealth+) [potion of mutation]
 46115 | Elf:2    | Learned a level 7 spell: Monstrous Menagerie
 46124 | Elf:2    | Found Vanoitexi's Jewellery Shoppe.
 46125 | Elf:2    | Found an ancient bone altar of Kikubaaqudgha.
 46127 | Elf:2    | Identified the +2 pair of gloves of Fudaus {*Corrode rElec
                  | Str+2}
 46132 | Elf:2    | Bought the ring of Reimbursement {Drain AC+4 Int+3 SInv}
                  | for 574 gold pieces
 46241 | Elf:2    | Found a runed translucent gate.
 46241 | Elf:2    | Found a runed translucent gate.
 46241 | Elf:2    | Found a runed translucent gate.
 46635 | Elf:2    | Noticed Saint Roka
 46713 | Elf:2    | Reached XP level 21. HP: 107/109 MP: 26/35
 47262 | Depths:1 | Entered Level 1 of the Depths
 47286 | Depths:1 | Reached skill level 15 in Stealth
 47535 | Depths:1 | Reached skill level 1 in Armour
 47619 | Depths:1 | Found a gateway to Hell.
 48530 | Depths:2 | Paralysed by a floating eye for 3 turns
 48551 | Depths:2 | Paralysed by a floating eye for 2 turns
 48659 | Depths:2 | Found a one-way gateway to a ziggurat.
 48780 | Depths:2 | Found a one-way gate leading to the halls of Pandemonium.
 48781 | Depths:2 | Gained mutation: You have hidden genetic defects. [a
                  | cacodemon]
 48784 | Depths:2 | Noticed Nikola
 48788 | Depths:2 | Gained mutation: Potions are less effective at restoring
                  | your health. [a cacodemon]
 48793 | Depths:2 | Killed Nikola
 48803 | Depths:2 | Lost mutation: You have hidden genetic defects. [potion of
                  | mutation]
 48803 | Depths:2 | Lost mutation: Potions are less effective at restoring your
                  | health. [potion of mutation]
 48803 | Depths:2 | Gained mutation: You are weak. (Str -2) [potion of
                  | mutation]
 48803 | Depths:2 | Gained mutation: You are clumsy. (Dex -2) [potion of
                  | mutation]
 48803 | Depths:2 | Gained mutation: You have sharp toenails. [potion of
                  | mutation]
 48803 | Depths:2 | Gained mutation: You are resistant to electric shocks.
                  | (rElec) [potion of mutation]
 48813 | Depths:2 | Lost mutation: You are clumsy. (Dex -2) [potion of
                  | mutation]
 48813 | Depths:2 | Lost mutation: You possess an exceptional clarity of mind.
                  | [potion of mutation]
 48813 | Depths:2 | Gained mutation: Your mind is acute. (Int +4, Str/Dex -1)
                  | [potion of mutation]
 48813 | Depths:2 | Gained mutation: You occasionally lose the ability to drink
                  | potions when taking damage. [potion of mutation]
 48813 | Depths:2 | Gained mutation: You are partially covered in large bone
                  | plates. (SH +4) [potion of mutation]
 48813 | Depths:2 | Gained mutation: Your flesh is heat resistant. (rF+)
                  | [potion of mutation]
 49336 | Depths:2 | Reached skill level 15 in Dodging
 49486 | Depths:2 | Reached skill level 10 in Spellcasting
 49490 | Depths:2 | Reached skill level 10 in Summonings
 49826 | Depths:2 | Found a portal to a secret trove of treasure.
 50387 | Depths:2 | You paid a toll of +3 storm dragon scales to enter a
                  | treasure trove
 50388 | Trove    | Entered a treasure trove
 50397 | Trove    | Identified the +1 buckler of the Zebra {Str-4 Dex+6}
 50403 | Trove    | Identified the +12 hand crossbow of Compulsion {flame,
                  | Str+4}
 50634 | Depths:3 | Found a one-way gate to the infinite horrors of the Abyss.
 50682 | Depths:3 | Found an ancient bone altar of Kikubaaqudgha.
 50718 | Depths:3 | Reached skill level 1 in Evocations
 50729 | Depths:3 | Reached XP level 22. HP: 114/114 MP: 22/37
 51330 | Depths:4 | Entered Level 4 of the Depths
 51646 | Depths:3 | Reached skill level 5 in Evocations
 52307 | Depths:4 | Noticed a golden dragon
 52315 | Depths:4 | Killed a golden dragon
 52424 | Depths:4 | Found a gate to the Realm of Zot.
 52579 | Depths:4 | Found a blossoming altar of Fedhas.
 52935 | Elf:3    | Entered Level 3 of the Elven Halls
 52976 | Elf:3    | Noticed Donald
 52986 | Elf:3    | Killed Donald
 53176 | Elf:3    | Found Viotant's Assorted Antiques.
 53181 | Elf:3    | Found Piowiz's Book Shoppe.
 53183 | Elf:3    | Bought a potion of invisibility for 296 gold pieces
 54252 | Elf:3    | Identified the ring "Ytuorhanni" {rF+ rC+ rN+ MP-9 Dex+6}
 54480 | Elf:3    | Got the Omnibus of the Iceberg and Lightning
 54535 | Elf:3    | Identified the ring "Kid Ybu" {Ice Str+4}
 54616 | Elf:3    | Identified the +5 quarterstaff "Anufurr" {distort, rElec
                  | rPois Will+}
 54629 | Elf:3    | Identified the ring of Pantheism {rF+ rC+ rN+++}
 54639 | Elf:3    | Identified the +1 plate armour of Sin {Fly rF+}
 54962 | Crypt:1  | Entered Level 1 of the Crypt
 55279 | Crypt:1  | Reached XP level 23. HP: 99/118 MP: 29/39
 55517 | Crypt:1  | Noticed a royal mummy
 55708 | Crypt:1  | Noticed Zenata
 55782 | Crypt:1  | Killed Zenata
 55784 | Crypt:1  | Lost mutation: You have a somewhat thin skeletal structure.
                  | (Dex +2, Stealth+) [potion of mutation]
 55784 | Crypt:1  | Lost mutation: Your mind is acute. (Int +4, Str/Dex -1)
                  | [potion of mutation]
 55784 | Crypt:1  | Gained mutation: Your body sometimes deteriorates upon
                  | taking damage. [potion of mutation]
 55784 | Crypt:1  | Gained mutation: Your spells are a little harder to cast,
                  | but a little more powerful. [potion of mutation]
 55785 | Crypt:1  | Lost mutation: Your body sometimes deteriorates upon taking
                  | damage. [potion of mutation]
 55785 | Crypt:1  | Lost mutation: You are resistant to electric shocks.
                  | (rElec) [potion of mutation]
 55785 | Crypt:1  | Lost mutation: You have sharp toenails. [potion of
                  | mutation]
 55785 | Crypt:1  | Lost mutation: You occasionally lose the ability to drink
                  | potions when taking damage. [potion of mutation]
 56305 | Crypt:2  | Noticed Khufu
 56337 | Crypt:2  | Killed Khufu
 57029 | Crypt:2  | Reached skill level 15 in Summonings
 57294 | Crypt:3  | Entered Level 3 of the Crypt
 57407 | Crypt:3  | Identified the ring "Baukhles" {rElec Will+ AC+4}
 58489 | Crypt:3  | Found an ancient bone altar of Kikubaaqudgha.
 58534 | Crypt:3  | Noticed an ancient lich
 58543 | Crypt:3  | Killed an ancient lich
 58669 | Crypt:3  | Found a staircase to the Tomb.
 59124 | Depths:3 | Voluntarily entered the Abyss.
 59275 | Abyss:3  | Found a corrupted altar of Lugonu.
 59566 | Abyss:3  | Got an abyssal rune of Zot
 59619 | Depths:3 | Escaped the Abyss
 59892 | Slime:1  | Entered Level 1 of the Pits of Slime
 60977 | Zot:1    | Entered Level 1 of the Realm of Zot
 61160 | Zot:1    | Reached XP level 24. HP: 109/123 MP: 21/39
 61680 | Zot:1    | Reached skill level 5 in Armour
 61830 | Zot:2    | Noticed an orb of fire
 61860 | Zot:1    | Gained mutation: You are strong-willed. (Will+) [an orb of
                  | fire]
 61862 | Zot:1    | Killed an orb of fire
 61994 | Zot:2    | Noticed an orb of fire
 63222 | Zot:2    | Lost mutation: Your spells are a little harder to cast, but
                  | a little more powerful. [an orb of fire]
 63230 | Zot:2    | Gained mutation: You are frail. (-10% HP) [an orb of fire]
 63232 | Zot:2    | Gained mutation: You occasionally lose the ability to drink
                  | potions when taking damage. [an orb of fire]
 63241 | Zot:2    | Gained mutation: Armour fits poorly on your strangely
                  | shaped body. [an orb of fire]
 63245 | Zot:2    | Killed an orb of fire
 63246 | Zot:2    | Lost mutation: Your flesh is heat resistant. (rF+) [potion
                  | of mutation]
 63246 | Zot:2    | Lost mutation: You occasionally lose the ability to drink
                  | potions when taking damage. [potion of mutation]
 63246 | Zot:2    | Gained mutation: Your magical capacity is low. (-10% MP)
                  | [potion of mutation]
 63247 | Zot:2    | Lost mutation: You are frail. (-10% HP) [potion of
                  | mutation]
 63247 | Zot:2    | Lost mutation: Armour fits poorly on your strangely shaped
                  | body. [potion of mutation]
 63247 | Zot:2    | Gained mutation: You are somewhat resistant to further
                  | mutation. [potion of mutation]
 64123 | Zot:3    | Found a runed translucent gate.
 64123 | Zot:3    | Found a runed translucent gate.
 64393 | Zot:3    | Found an opulent altar of Gozag.
 64394 | Zot:3    | Found a runed translucent gate.
 64395 | Zot:3    | Found Jeukul's Assorted Antiques.
 64396 | Zot:3    | Noticed Decrayps's ghost (veteran FeEn)
 64472 | Zot:3    | Noticed a Killer Klown
 64477 | Zot:3    | Noticed a Killer Klown
 64493 | Zot:3    | Noticed a Killer Klown
 64495 | Zot:3    | Killed a Killer Klown
 64515 | Zot:3    | Killed a Killer Klown
 64519 | Zot:3    | Killed a Killer Klown
 64968 | Zot:3    | Killed Decrayps's ghost
 65065 | Zot:3    | Bought a scroll of blinking for 270 gold pieces
 65474 | Zot:4    | Reached XP level 25. HP: 88/130 MP: 21/35
 66596 | Zot:5    | Entered Level 5 of the Realm of Zot
 66702 | Zot:5    | Noticed a Killer Klown
 66713 | Zot:5    | Killed a Killer Klown
 67074 | Zot:5    | Noticed a dread lich
 67090 | Zot:5    | Killed a dread lich
 67106 | Zot:5    | Noticed a Killer Klown
 67130 | Zot:5    | Killed a Killer Klown
 67151 | Zot:5    | Noticed an ancient lich
 67155 | Zot:5    | Killed an ancient lich
 67198 | Zot:5    | Noticed an ancient lich
 67201 | Zot:5    | Noticed an orb of fire
 67456 | Zot:5    | Killed an ancient lich
 67519 | Zot:5    | Noticed a dread lich
 67529 | Zot:5    | Killed a dread lich
 67542 | Zot:5    | Acquired the +7 hand crossbow of Iconoclasm {penet, Will++
                  | Int+2}
 67791 | Zot:5    | Noticed a Killer Klown
 67837 | Zot:5    | Killed a Killer Klown
 67889 | Zot:5    | Noticed an ancient lich
 67913 | Zot:5    | Killed an ancient lich
 67936 | Zot:5    | Noticed an orb of fire
 67958 | Zot:5    | Killed an orb of fire
 68306 | Zot:5    | Noticed an orb of fire
 68398 | Zot:5    | Gained mutation: Armour fits poorly on your strangely
                  | shaped body. [an orb of fire]
 68408 | Zot:5    | Gained mutation: You occasionally lose the ability to read
                  | scrolls when taking damage. [an orb of fire]
 68411 | Zot:5    | Killed an orb of fire
 68473 | Zot:5    | Lost mutation: You are weak. (Str -2) [potion of mutation]
 68473 | Zot:5    | Lost mutation: You are partially covered in large bone
                  | plates. (SH +4) [potion of mutation]
 68474 | Zot:5    | Lost mutation: Armour fits poorly on your strangely shaped
                  | body. [potion of mutation]
 68474 | Zot:5    | Lost mutation: You occasionally lose the ability to read
                  | scrolls when taking damage. [potion of mutation]
 68474 | Zot:5    | Lost mutation: Your magical capacity is low. (-10% MP)
                  | [potion of mutation]
 68522 | Zot:5    | Gained mutation: You occasionally lose the ability to read
                  | scrolls when taking damage. [an orb of fire]
 68529 | Zot:5    | Killed an orb of fire
 68675 | Zot:5    | Got the Orb of Zot
 68698 | Zot:5    | Noticed an ancient lich
 69307 | D:$      | Escaped with the Orb!

Illustrated notes

Levels and vault maps discovered:
D:1:      minmay_arrival_widening_spiral_wide, layout_rooms
D:2:      layout_loops_corners, basic_altar, uniq_robin
D:3:      layout_basic
D:4:      layout_basic, uniq_blork_the_orc
D:5:      layout_loops_ring, minmay_misc_feat_ornament, uniq_eustachio
D:6:      layout_loops_ring, minmay_stone_trees_medium, uniq_grinder
D:7:      layout_basic, minmay_temple_entry_purple_smoke, uniq_menkaure
D:8:      layout_cave_pods, nicolae_overflow_hidden_temple, kennysheep_mini,
          nicolae_qazlal_scattered_showers
D:9:      layout_cave_pools, uniq_harold
D:10:     layout_big_octagon, mainiacjoe_overflow_24_doors, item_on_display_a
D:11:     layout_cave_pools, dpeg_lair_monsters, serial_column_ruins,
          column_ruins_hut, column_ruins_open_large, column_ruins_columns_T,
          column_ruins_columns_dead_end, column_ruins_grid_1,
          column_ruins_corridor_straight, serial_shops, shop, uniq_fannar,
          uniq_sonja, uniq_grum, uniq_amaemon
D:12:     layout_long_grid, erik_orc_4, gauntlet_entry_generic,
          kennysheep_generic_room_14
D:13:     layout_loops_cross, david_vaults_3, gammafunk_ghost_grave
D:14:     minmay_the_grid_square_5x5_4x4 [minmay_the_grid_square_5x5_six_small,
          minmay_the_grid_square_5x5_one_wall, minmay_the_grid_square_5x5_mess,
          minmay_the_grid_square_5x5_shuriken,
          minmay_the_grid_square_5x5_two_walls_b,
          minmay_the_grid_square_5x5_prize_waves,
          minmay_the_grid_square_5x5_prize_deathbox,
          minmay_the_grid_square_5x5_inner_i,
          minmay_the_grid_square_5x5_checkered_statues,
          minmay_the_grid_square_5x5_prize_monsterx,
          minmay_the_grid_square_5x5_prize_pseudospiral,
          minmay_the_grid_square_5x5_longway, minmay_the_grid_square_5x5_three,
          minmay_the_grid_square_5x5_fancy_junction,
          minmay_the_grid_square_5x5_shrine2,
          minmay_the_grid_square_5x5_inner_z], layout_loops_ring,
          grunt_decor_junction, uniq_roxanne
D:15:     hangedman_depths_entry_civil_slaughter, layout_small_grid,
          grunt_potential
Temple:   kb_temple_of_zot
Lair:1:   layout_layer_cave, nicolae_volcano_entry_vermiform
Lair:2:   layout_chaotic_city, palyth_hydra_swamp_entry
Lair:3:   layout_gridlike, minmay_snake_entry_guardpost_medium,
          small_statue_intersection, grunt_megastairs_5,
          infiniplex_staircase_pool
Lair:4:   layout_regular_city, slime_entry_1, infiniplex_staircase_pool_2
Lair:5:   due_jungle_book, layout_regular_city, chequers_serial_rivers_room_b,
          chequers_serial_rivers_room_b
Swamp:1:  layout_basic_swamp, nicolae_swamp_fairy_circle, swamp_pool1,
          uniq_kirke
Swamp:2:  layout_basic_swamp, evilmike_swamp_ruin_house_6
Swamp:3:  layout_basic_swamp, nicolae_swamp_feature_on_the_river_bank
Swamp:4:  swamp_basic_johnstein, layout_basic_swamp, uniq_bai_suzhen, uniq_mara
Snake:1:  layout_onion, gammafunk_ghost_necromancy, minmay_shop_grove,
          grunt_megastairs_2, serial_bayou_shore_a
Snake:2:  layout_gridlike, portal_ice_cave_entry_ice_simulacra,
          lemuel_oklob_altar, lemuel_fruit_tree
Snake:3:  layout_rooms, st_stairs_9
Snake:4:  snake_pit, layout_cave_town, basic_altar
Slime:1:  cheibrodos_slime_lost_civilization_3, layout_caves,
          cheibrodos_slime_lost_civilization_6
Slime:2:  layout_caves
Slime:3:  layout_caves
Slime:4:  layout_caves
Orc:1:    layout_caves, serial_shops, nicolae_shop_crystal
Orc:2:    st_orc_town, layout_diamond_mine, serial_shops, shop
Elf:1:    layout_loops_cross, serial_shops, shop, kennysheep_underground_church,
          nicolae_elf_loose_elemental_storage, lemuel_upstairs_altar
Elf:2:    elven_hall_of_blades_hangedman_original [mumra_blade_entry_bloodbath],
          layout_loops_ring, basic_altar, serial_shops, shop, uniq_saint_roka
Elf:3:    elf_hall_gauntlet_narrow, layout_onion_city,
          hangedman_elf_simple_split, minmay_shoptagon, uniq_donald
Vaults:1: ontoclasm_vaults_gateway, v_misc_22, ontoclasm_vaults_decontamination,
          vaults_dpeg_ring, vaults_dpeg_encased_lava,
          vaults_room_grunt_arrival_ludios, layout_vaults_omnigrid,
          serial_shops, nicolae_shop_statue_plus
Vaults:2: v_misc_22, special_room_vaults [special_room_orc], vaults_room_grid,
          ontoclasm_vaults_ring_small, ontoclasm_vaults_ring_small,
          vaults_room_fancy_cross, ontoclasm_vaults_ring_square,
          vaults_room_stairs_pillars, v_pattern_3, vaults_room_stairs_pillars,
          nicolae_vaults_border_crossing, nicolae_vaults_yaktaur_gun_rack,
          layout_vaults_omnicross, uniq_xtahua
Vaults:3: minmay_crypt_entry_nasty_monster, v_misc_33, hangedman_vaults_cutoff,
          hangedman_vaults_locks, hangedman_vaults_stagger,
          nicolae_vaults_network_quinsquares
          [nicolae_vaults_network_quincunx_subvault,
          nicolae_vaults_network_quincunx_subvault,
          nicolae_vaults_network_quincunx_subvault,
          nicolae_vaults_network_quincunx_subvault], v_misc_18,
          nicolae_vaults_shelves_hall, layout_vaults_maze_bifur, serial_shops,
          nicolae_square_shop, uniq_margery
Vaults:4: ontoclasm_vaults_ring_square, hangedman_vaults_pinch, st_hourglassy,
          v_misc_10, v_misc_26, nicolae_vaults_network_periphery,
          v_alt_pattern_1, nicolae_vaults_arrows,
          nicolae_vaults_ring_of_whatevers, hangedman_vaults_restitches,
          vaults_room_pool, vaults_room_pools, layout_vaults_omnibox,
          serial_shops, nicolae_shop_temple_entry_statues_fountains
Crypt:1:  lemuel_minitomb, layout_gridlike, tombwall_bobbens, uniq_zenata
Crypt:2:  layout_regular_city, uniq_khufu
Crypt:3:  quadcrypt_mu
Depths:1: layout_cave_pools, hell_entry, kennysheep_nondescript,
          grunt_ministairs_6, hellmonk_scarab_ruin
Depths:2: hourglass_vault, layout_basic, enter_ziggurat_c,
          rand_demon_pan_entry_7, hangedman_coc_ice_floe,
          nicolae_trove_entry_columns, minmay_misc_feat_more_columns,
          serial_bayou_lagoon_a, uniq_nikola
Depths:3: minmay_mutant_horseshoe, layout_basic, abyss_entry_glasseish,
          hell_entry, old_standard_altar, rand_demon_pan_entry_4,
          infiniplex_staircase_split_hallway, firewood_loft
Depths:4: grunt_twist_and_shout, layout_gridlike,
          chequers_serial_rivers_micro_d, hell_entry, fedhas_altar_3
Zot:1:    layout_twisted_circle, st_stairs_2
Zot:2:    layout_misc_corridors, st_single_dragon_hoard_3,
          nicolae_zot_crop_circle
Zot:3:    circus_mu, layout_basic, ebering_ghost_gozag
Zot:4:    layout_gridlike, st_stairs_5, guppyfry_library_mini
Zot:5:    layout_basic

Skill      XL: |  1  2  3  4  5  6  7  8  9 10 11 12 13 14 15 16 17 18 19 20 21 22 23 24 25 |
---------------+----------------------------------------------------------------------------+-----
Stealth        | 2 3 4 5 6 7 9 12 14 15 | 15.0
Ranged Weapons | 5 6 7 9 11 14 15 16 17 18 19 20 | 20.9
Poison Magic   | 1 6 9 |  9.7
Dodging        | 3 7 8 10 12 13 15 16 18 | 18.6
Invocations    | 1 7 11 13 15 16 17 18 19 20 | 20.6
Translocations | 4 |  4.0
Fighting       | 4 6 7 8 9 10 11 12 13 | 13.5
Shields        | 2 6 8 9 10 11 | 11.2
Transmutations | 3 |  3.5
Fire Magic     | 2 |  2.2
Air Magic      | 2 6 8 |  8.8
Spellcasting   | 2 5 8 10 11 | 11.2
Summonings     | 2 5 8 10 13 17 | 17.8
Armour         | 3 4 6 8 |  8.3
Evocations     | 2 8 |  8.0

Action                   |  1- 3 |  4- 6 |  7- 9 | 10-12 | 13-15 | 16-18 | 19-21 | 22-24 | 25-27 || total
-------------------------+-------+-------+-------+-------+-------+-------+-------+-------+-------++-------
 Fire: Shortbow          |   130 |   200 |   396 |  1299 |  1346 |       |       |       |       ||  3371
       Arbalest          |       |       |       |       |   478 |       |       |       |       ||   478
       Hand crossbow     |       |       |       |       |   129 |  1241 |  1336 |  1733 |   455 ||  4894
 Cast: Olgreb's Toxic Ra |       |       |       |    33 |    60 |    41 |    96 |    52 |     7 ||   289
       Poisonous Vapours |       |       |       |     9 |       |       |       |       |       ||     9
       Ignite Poison     |       |       |       |       |       |       |     4 |     6 |       ||    10
       Summon Lightning  |       |       |       |       |       |       |     8 |    43 |     1 ||    52
       Blink             |       |       |       |       |       |       |       |     2 |     8 ||    10
       Monstrous Menager |       |       |       |       |       |       |       |     4 |     3 ||     7
Invok: Shadow Form       |       |       |       |       |       |       |       |     1 |       ||     1
Evoke: Wand              |       |       |       |       |     7 |       |       |       |     3 ||    10
       Phantom mirror    |       |       |       |       |       |       |       |     2 |     2 ||     4
  Use: Scroll            |       |     4 |     4 |    13 |    14 |     9 |     2 |     8 |    12 ||    66
       Potion            |       |       |       |     8 |     4 |       |     4 |    11 |     3 ||    30
Armor: Robe              |     4 |     3 |     6 |       |       |       |       |       |       ||    13
       Steam dragon scal |       |       |       |    14 |       |       |       |       |       ||    14
       Troll leather arm |       |       |       |    18 |    47 |    32 |    17 |    83 |    14 ||   211
Dodge: Dodged            |    56 |    48 |    83 |   547 |   986 |   561 |   490 |   865 |   209 ||  3845
Block: Buckler           |       |       |       |       |       |   165 |   389 |   749 |   151 ||  1454
       Reflection        |       |       |       |       |       |    43 |    63 |    15 |     5 ||   126
